 Dungeon Sprint DCSS version 0.18-a0-1147-g8e8348b (console) character file.

123 sorlin the Basher (level 4, -1/58 HPs)
             Began as a Minotaur Berserker on Jan 23, 2016.
             Was a Believer of Trog.
             Slain by a killer bee (5 damage)
             ... in the Dungeon (Sprint IV: "Fedhas' Mad Dash").
             The game lasted 00:01:50 (292 turns).

sorlin the Basher (Minotaur Berserker)               Turns: 292, Time: 00:01:50

Health: -1/58      AC:  9    Str: 26    XL:     4   Next: 80%
Magic:  4/4        EV: 11    Int:  4    God:    Trog [**....]
Gold:   49         SH:  0    Dex: 11    Spells: 0 memorised, 3 levels left

rFire  . . .     SeeInvis .     a - +0 mace
rCold  . . .     Gourm    .     k - +0 scale mail
rNeg   . . .     Faith    .     (no shield)
rPois  .         Spirit   .     (helmet restricted)
rElec  .         Dismiss  .     b - +1 cloak {+Inv}
rCorr  .         Reflect  .     (no gloves)
SustAt .         Harm     .     (no boots)
MR     ++...     NoTele   +     (no amulet)
Stlth  ..........               (no ring)
                                (no ring)

@: berserking, lethally poisoned (-1 -> -1), regenerating, very quick, very
resistant to hostile enchantments, extremely unstealthy
A: retaliatory headbutt, horns 2
a: Berserk, Trog's Hand, Burn Spellbooks, Renounce Religion, Evoke Invisibility


You were in the Dungeon.
You worshipped Trog.
Trog was pleased with you.
You were not hungry.

You visited 1 branch You collected 49 gold pieces.

Inventory:

Hand Weapons
 a - a +0 mace (weapon)
Armour
 b - a +1 cloak of invisibility (worn)
 k - a +0 scale mail (worn)
Scrolls
 i - a scroll of blinking
Potions
 d - a potion of curing
 e - a potion of heal wounds
 f - a potion of haste
 g - 2 potions of magic
 h - a potion of berserk rage
Comestibles
 c - a bread ration
 j - 3 chunks of flesh


   Skills:
 - Level 3.6 Fighting
 * Level 10.2 Maces & Flails
 + Level 5.5 Armour
 - Level 2.1 Dodging
 + Level 2.4 Evocations


You had 3 spell levels left.
You didn't know any spells.

Dungeon Overview and Level Annotations

Branches:
Dungeon (1/1)

Altars:


Innate Abilities, Weirdness & Mutations

You reflexively headbutt those who attack you in melee.
You have a pair of horns on your head.


Message History

The killer bee is severely wounded.
You feel sick. The killer bee barely misses you.
The killer bee stings you but does no damage.
You closely miss the killer bee. Your headbutt misses the killer bee.
The killer bee is severely wounded.
The killer bee stings you. The killer bee closely misses you.
The killer bee stings you!
* * * LOW HITPOINT WARNING * * *
Unknown command.
You are too injured to fight recklessly!
You are too injured to fight recklessly!
You miss the killer bee.
The killer bee is severely wounded.
You feel sick. The killer bee stings you!
* * * LOW HITPOINT WARNING * * *
The killer bee barely misses you. The killer bee stings you.
* * * LOW HITPOINT WARNING * * *
You miss the killer bee. Your headbutt misses the killer bee.
The killer bee is severely wounded.
The killer bee stings you.
You die...

##################
#<..P#.....#.....#
#PP..'.[...'.#[).+
#PPPP#.....#.#...#
###############'##
#y.y♣......yyy@..#
#y.....♣.....#y..#
. ♣..♣..######
#+#####


You could see a queen bee and 3 killer bees.

Vanquished Creatures
  A killer bee (D)
  2 oklob saplings (D)
  A worker ant (D)
  A river rat (D)
  A rat (D)
6 creatures vanquished.

Notes
Turn   | Place    | Note
--------------------------------------------------------------
     0 | D        | sorlin the Minotaur Berserker began the quest for the Orb.
     0 | D        | Reached XP level 1. HP: 19/19 MP: 0/0
    10 | D        | Reached skill level 4 in Maces & Flails
    13 | D        | Reached ** piety under Trog
    13 | D        | Reached skill level 6 in Maces & Flails
    13 | D        | Reached XP level 2. HP: 26/26 MP: 1/1
    72 | D        | Noticed an oklob sapling
    74 | D        | Killed an oklob sapling
    74 | D        | Reached skill level 8 in Maces & Flails
    74 | D        | Reached XP level 3. HP: 31/31 MP: 2/2
   108 | D        | Noticed an oklob sapling
   114 | D        | Killed an oklob sapling
   114 | D        | Reached skill level 9 in Maces & Flails
   114 | D        | Reached skill level 1 in Evocations
   114 | D        | Reached XP level 4. HP: 20/39 MP: 2/4
   276 | D        | Noticed a queen bee
   288 | D        | Reached skill level 10 in Maces & Flails
   288 | D        | Reached skill level 5 in Armour
   292 | D        | Slain by a killer bee

Vault maps used:
D:        dungeon_sprint_fedhas

Action                   |  1- 3 |  4- 6 || total
-------------------------+-------+-------++-------
Melee: Mace              |    17 |     7 ||    24
Invok: Berserk           |     1 |     1 ||     2
       Trog's Hand       |       |     1 ||     1
